 Dungeon Crawl Stone Soup version 0.24-a0-549-g45f0056d81 (webtiles) character file.

Game seed: 6342734195256364547

4284 MordorOrchid the Grappler (level 10, -2/77 HPs)
             Began as a Minotaur Necromancer on Aug 20, 2019.
             Was a Follower of Cheibriados.
             Slain by a bullfrog (5 damage)
             ... on level 9 of the Dungeon.
             The game lasted 00:37:44 (7092 turns).

MordorOrchid the Grappler (Minotaur Necromancer)    Turns: 7092, Time: 00:37:45

Health: -2/77      AC:  9    Str: 16    XL:     10   Next: 10%
Magic:  2/13       EV: 13    Int: 17    God:    Cheibriados [*.....]
Gold:   548        SH: 10    Dex: 12    Spells: 5/15 levels left

rFire    . . .     SeeInvis +     - Unarmed
rCold    . . .     Gourm    .   f - +0 buckler
rNeg     . . .     Faith    .   x - +0 leather armour
rPois    .         Spirit   .   (helmet restricted)
rElec    .         Reflect  +   H - +1 cloak
rCorr    .         Harm     .   u - +0 pair of gloves
MR       .....                  X - +0 pair of boots
Stlth    ++........             g - +5 amulet of reflection
HPRegen  0.22/turn              D - ring of stealth
MPRegen  0.13/turn              O - ring of see invisible

@: very slightly contaminated, very slow
A: retaliatory headbutt, horns 2
a: Bend Time, Renounce Religion


You were on level 9 of the Dungeon.
You worshipped Cheibriados.
Cheibriados was aware of your devotion.
You were not hungry.

You visited 2 branches of the dungeon, and saw 10 of its levels.

You collected 548 gold pieces.

Inventory:

Hand Weapons
 j - a +1 hand crossbow
 p - a +2 trident of flaming
 y - a +1 dagger of venom
 C - a +0 hunting sling
 F - a +0 spear of freezing
 G - a +2 quarterstaff of chaos
Missiles
 k - 207 stones
 q - 70 arrows
 r - 21 poisoned darts
 w - 26 bolts
 E - 5 atropa-tipped darts (quivered)
 I - 3 javelins
 M - a throwing net
 U - 4 sling bullets
Armour
 d - a +0 scale mail
 f - a +0 buckler (worn)
 u - a +0 pair of gloves (worn)
 x - a +0 leather armour (worn)
 B - a +0 ring mail
 H - a +1 cloak (worn)
 S - a +1 robe of the Archmagi
 X - a +0 pair of boots (worn)
Magical Staves
 V - an uncursed staff of conjuration
Jewellery
 b - an uncursed amulet of guardian spirit
 g - a +5 amulet of reflection (around neck)
 D - a ring of stealth (left hand)
 O - a ring of see invisible (right hand)
Wands
 n - a wand of digging (7)
 v - a wand of random effects (29)
Scrolls
 a - 3 scrolls of immolation {unknown}
 h - 5 scrolls of remove curse
 i - a scroll of enchant weapon
 l - 2 scrolls of fog {unknown}
 o - 3 scrolls of teleportation {unknown}
 z - 2 scrolls of enchant armour {unknown}
 A - 2 scrolls of blinking {unknown}
 J - a scroll of fear {unknown}
 K - a scroll of summoning {unknown}
 L - a scroll of magic mapping {unknown}
 Q - 2 scrolls of identify
Potions
 e - 2 potions of brilliance
 m - 2 potions of haste
 s - 2 potions of lignification
 t - 2 potions of flight
 N - 3 potions of agility
 R - a potion of mutation {unknown}
 T - a potion of might {unknown}
 W - a potion of magic {unknown}
Comestibles
 c - 18 rations
 P - 3 chunks of flesh


   Skills:
 * Level 3.5 Fighting
 * Level 7.6 Armour
 * Level 3.6 Dodging
 - Level 1.5 Stealth
 - Level 4.0 Shields
 + Level 9.6 Unarmed Combat
 * Level 3.2 Spellcasting
 * Level 1.4 Charms
 * Level 4.0 Necromancy
 - Level 3.0 Translocations
 * Level 2.4 Invocations


You had 5 spell levels left.
You knew the following spells:

 Your Spells              Type           Power        Failure   Level  Hunger
a - Pain                  Necr           ###.         3%          1    None
k - Regeneration          Chrm/Necr      ##........   21%         3    ###....
u - Animate Skeleton      Necr           N/A          3%          1    None
v - Vampiric Draining     Necr           ###.......   12%         3    ###....
x - Blink                 Tloc           N/A          9%          2    ##.....

Your spell library contained the following spells:

 Spells                   Type           Power        Failure   Level  Hunger
 Magic Dart               Conj           #...         21%         1    None
 Call Imp                 Summ           #.......     30%         2    ##.....
 Slow                     Hex            #.......     30%         2    ##.....
 Animate Dead             Necr           N/A          36%         4    ####...
 Conjure Flame            Conj/Fire      #.......     52%         3    ###....
 Mephitic Cloud           Conj/Pois/Air  #.......     52%         3    ###....


Dungeon Overview and Level Annotations

Branches:
Dungeon (9/15)             Temple (1/1) D:7
   Lair: D:8-11         Orc: D:9-12

Altars:
Ashenzari
Cheibriados
Elyvilon
Fedhas
Kikubaaqudgha
Makhleb
Okawaru
Ru
Sif Muna
Uskayaw
Wu Jian
Yredelemnul

Shops:
D:7 (

Annotations:
D:3 2 transporters, endorz's ghost, amateur GnSk


Innate Abilities, Weirdness & Mutations

You reflexively headbutt those who attack you in melee.
You have a pair of horns on your head.


Message History

Your ogre skeleton hits the hound with a +0 giant club.
The hound dies!
Cheibriados thoroughly appreciates the change of pace.
You closely miss the bullfrog. You headbutt the bullfrog.
The bullfrog is lightly wounded.
You block the bullfrog's attack.
You punch the bullfrog! Your headbutt misses the bullfrog.
The bullfrog is heavily wounded.
You block the bullfrog's attack.
Your ogre skeleton closely misses the bullfrog.
The bullfrog hits you.
* * * LOW HITPOINT WARNING * * *
You hit the bullfrog. You headbutt the bullfrog.
The bullfrog is almost dead.
The bullfrog hits you.
* * * LOW HITPOINT WARNING * * *
You closely miss the bullfrog.
The bullfrog is almost dead.
The bullfrog hits you.
You die...

### ####.##### #.#......#
###........#####
##.........@##..##
#........###F....#
##....#.## #.Z..##
#.....### #.#...# #
#..#..# #.#.)## ###
##.#..####......# ..#
#.......#.......# ..#
##....#...........#
..####....##............#


You could see a bullfrog and a friendly ogre skeleton.

Vanquished Creatures
  A two-headed ogre (D:9)
  Erica (D:8)
  A hippogriff (D:6)
  2 orc warriors
  An ice beast (D:6)
  A sky beast (D:8)
  2 black bears
  A phantom (D:7)
  3 necrophages (D:7)
  2 ogres
  2 centaurs (D:8)
  A big kobold (D:5)
  4 bullfrogs
  2 scorpions
  A wyvern skeleton (D:7)
  3 howler monkeys (D:7)
  A bullfrog zombie (D:7)
  3 crimson imps
  2 centaur zombies
  2 centaur skeletons
  3 orc priests
  Crazy Yiuf (D:5)
  3 jellies
  A gnoll shaman (D:5)
  Ijyb (D:5)
  6 orc wizards
  Terence (D:3)
  2 hound zombies
  A hound skeleton (D:7)
  A worker ant zombie (D:6)
  5 gnolls (D:5)
  5 adders
  A howler monkey skeleton (D:6)
  A shadow imp (D:8)
  An ooze (D:3)
  3 adder skeletons
  An adder zombie (D:5)
  2 worms (D:3)
  A dart slug (D:2)
  A leopard gecko (D:5)
  12 orcs
  4 bats
  7 giant cockroaches
  3 goblins
  8 hobgoblins
  3 jackals (D:5)
  10 kobolds
  2 quokkas
  2 frilled lizards
  A jackal zombie (D:7)
  A leopard gecko skeleton (D:5)
  2 leopard gecko zombies
  2 rats
134 creatures vanquished.

Vanquished Creatures (collateral kills)
  An ogre (D:7)
  A hound (D:9)
  2 orc wizards (D:7)
  3 orcs
7 creatures vanquished.

Vanquished Creatures (others)
  An adder (D:9)
  A goblin (D:2)
  A kobold (D:5)
  6 plants (D:3)
9 creatures vanquished.

Grand Total: 150 creatures vanquished

Notes
Turn   | Place    | Note
-------+----------+-------------------------------------------
     0 | D:1      | MordorOrchid the Minotaur Necromancer began the quest for
                  | the Orb.
     0 | D:1      | Reached XP level 1. HP: 14/14 MP: 1/1
    97 | D:1      | Learned a level 1 spell: Animate Skeleton
   736 | D:2      | Reached skill level 1 in Fighting
   736 | D:2      | Reached XP level 2. HP: 11/23 MP: 0/3
   822 | D:2      | Noticed a -3 dagger
   823 | D:2      | Found a hide-covered altar of Uskayaw.
   823 | D:2      | Noticed a +0 dagger
   835 | D:2      | Reached skill level 1 in Armour
   888 | D:2      | Reached skill level 1 in Unarmed Combat
  1065 | D:2      | Reached skill level 1 in Shields
  1320 | D:3      | Reached XP level 3. HP: 17/28 MP: 1/4
  1338 | D:3      | Found a transporter.
  1382 | D:3      | Noticed Terence
  1419 | D:3      | Killed Terence
  1581 | D:3      | Found a blossoming altar of Fedhas.
  1607 | D:3      | Reached XP level 4. HP: 29/36 MP: 0/5
  1693 | D:3      | Found a basalt altar of Yredelemnul.
  1825 | D:3      | Noticed endorz's ghost (amateur GnSk)
  2052 | D:3      | Reached skill level 2 in Unarmed Combat
  2136 | D:3      | Found a transporter.
  2202 | D:4      | Reached XP level 5. HP: 38/41 MP: 1/7
  2268 | D:4      | Found a burning altar of Makhleb.
  2278 | D:4      | Found an ancient bone altar of Kikubaaqudgha.
  2278 | D:4      | Noticed a phantom
  2337 | D:4      | Found a white marble altar of Elyvilon.
  2738 | D:4      | Noticed a phantom
  2772 | D:5      | Entered Level 5 of the Dungeon
  2957 | D:5      | Found a sacrificial altar of Ru.
  3263 | D:5      | Reached skill level 3 in Unarmed Combat
  3269 | D:5      | Reached XP level 6. HP: 30/48 MP: 8/8
  3465 | D:5      | Noticed Ijyb
  3492 | D:5      | Learned a level 3 spell: Vampiric Draining
  3504 | D:5      | Killed Ijyb
  3591 | D:5      | Found a runed translucent door.
  3592 | D:5      | Noticed Crazy Yiuf
  3610 | D:5      | Killed Crazy Yiuf
  3962 | D:6      | Learned a level 2 spell: Blink
  4059 | D:6      | Found an ornate altar of the Wu Jian Council.
  4178 | D:6      | Noticed a hippogriff
  4200 | D:6      | Killed a hippogriff
  4200 | D:6      | Reached skill level 4 in Unarmed Combat
  4200 | D:6      | Reached skill level 1 in Translocations
  4200 | D:6      | Reached XP level 7. HP: 10/55 MP: 7/9
  4695 | D:6      | Reached skill level 5 in Armour
  4695 | D:6      | Reached skill level 5 in Unarmed Combat
  5010 | D:7      | Reached skill level 6 in Unarmed Combat
  5010 | D:7      | Reached XP level 8. HP: 46/61 MP: 10/10
  5224 | D:6      | Reached skill level 7 in Unarmed Combat
  5620 | D:7      | Found a staircase to the Ecumenical Temple.
  5624 | D:7      | Reached skill level 8 in Unarmed Combat
  5759 | D:7      | Reached XP level 9. HP: 60/67 MP: 11/11
  5802 | D:7      | Learned a level 3 spell: Regeneration
  5846 | D:7      | Found Inezuehu's Weapon Shop.
  5995 | D:7      | Reached skill level 9 in Unarmed Combat
  6259 | Temple   | Entered the Ecumenical Temple
  6278 | Temple   | Became a worshipper of Cheibriados the Contemplative
  6549 | D:8      | Noticed Erica
  6578 | D:8      | Killed Erica
  6578 | D:8      | Reached skill level 1 in Charms
  6578 | D:8      | Reached skill level 1 in Invocations
  6626 | D:8      | Found a shimmering blue altar of Sif Muna.
  6668 | D:8      | Reached * piety under Cheibriados
  6804 | D:8      | Found an iron altar of Okawaru.
  7013 | D:9      | Found a shattered altar of Ashenzari.
  7065 | D:9      | Noticed a two-headed ogre
  7085 | D:9      | Killed a two-headed ogre
  7085 | D:9      | Reached XP level 10. HP: 7/77 MP: 1/13
  7091 | D:9      | HP: 3/77 [bullfrog (1)]
  7092 | D:9      | Slain by a bullfrog

Levels and vault maps discovered:
D:1:      saegor_arrival_miasma, layout_loops_cross
D:2:      layout_loops_ring, dancing_weapons_uskayaw
D:3:      layout_loops_ring, lemuel_round_altar, fedhas_altar_2,
          gammafunk_ghost_gnarly_gnolls, uniq_terence
D:4:      layout_loops_ring, lemuel_doored_altar,
          amethyst_overflow_temple_binary, first_ration
D:5:      layout_cave_pools, old_standard_altar, kennysheep_diamond,
          uniq_crazy_yiuf_cottage, uniq_ijyb
D:6:      minmay_cornered_nines, layout_loops_cross,
          nicolae_overflow_hidden_temple
D:7:      layout_loops_ring, minmay_temple_entry_ruins, serial_undead,
          serial_undead_a, serial_undead_e, serial_undead_e, serial_undead_b,
          serial_shops, shop, nrook_loot_triangle, grunt_ogre_cave,
          grunt_ministairs_13
D:8:      layout_loops_ring, kennysheep_mini, okawaru_ov_weapons_minmay,
          minmay_circle_x, uniq_erica
D:9:      layout_cave_pools, grunt_temple_overflow_opulence,
          xom_confusion_cloud, evilmike_ruin_ashenzari
Temple:   grunt_temple_mini_profane

Skill      XL: |  1  2  3  4  5  6  7  8  9 |
---------------+----------------------------+-----
Fighting       | 1 2 3 |  3.5
Armour         | 1 2 3 4 5 6 7 |  7.6
Unarmed Combat | 1 2 3 4 6 8 9 |  9.6
Shields        | 1 2 3 4 |  4.0
Necromancy     | 3 4 |  4.0
Spellcasting   | 2 3 |  3.2
Translocations | 1 2 3 |  3.0
Dodging        | 3 |  3.6
Charms         | 1 |  1.4
Invocations    | 2 |  2.4
Stealth        | |  1.5

Action                   |  1- 3 |  4- 6 |  7- 9 | 10-12 || total
-------------------------+-------+-------+-------+-------++-------
Melee: Spear             |    92 |    86 |     4 |       ||   182
       Club              |     5 |       |       |       ||     5
       Headbutt          |     4 |    26 |    44 |     2 ||    76
       Dagger            |       |    84 |   132 |       ||   216
       Unarmed           |       |    25 |   186 |     4 ||   215
Throw: Dart              |       |     8 |    13 |       ||    21
       Javelin           |       |       |     4 |       ||     4
 Cast: Pain              |    22 |    25 |    22 |       ||    69
       Animate Skeleton  |    10 |    12 |    17 |       ||    39
       Blink             |       |       |     4 |       ||     4
       Vampiric Draining |       |       |     4 |       ||     4
       Regeneration      |       |       |     4 |       ||     4
Invok: Bend Time         |       |       |     3 |       ||     3
  Use: Potion            |     1 |     1 |     6 |       ||     8
       Scroll            |       |     5 |     4 |       ||     9
 Stab: Sleeping          |     1 |     3 |     4 |       ||     8
  Eat: Chunk             |     4 |     9 |    11 |       ||    24
       Ration            |       |       |     1 |       ||     1
Armor: Robe              |    15 |    15 |       |       ||    30
       Leather armour    |       |    11 |    77 |       ||    88
Dodge: Dodged            |    40 |    65 |   108 |       ||   213
Block: Buckler           |    23 |    70 |   112 |     2 ||   207
       Reflection        |     1 |     5 |       |       ||     6

Table legend:
 A = Non-vault XP
 B = Vault XP
 C = Vault XP percentage of total XP
 D = Non-vault monster count
 E = Vault monster count
 F = Vault count percentage of total count
                 A         B        C        D         E       F
            +---------+---------+-------+---------+---------+-------
      Total |    3015 |    3105 |  50.7 |     122 |      21 |  14.7
            +---------+---------+-------+---------+---------+-------
        D:1 |       8 |       0 |   0.0 |       4 |       0 |   0.0
        D:2 |      25 |       0 |   0.0 |      13 |       0 |   0.0
        D:3 |      55 |      32 |  36.8 |      18 |       1 |   5.3
        D:4 |     106 |       0 |   0.0 |      10 |       0 |   0.0
        D:5 |     276 |      77 |  21.8 |      20 |       3 |  13.0
        D:6 |     449 |     339 |  43.0 |      12 |       3 |  20.0
        D:7 |    1190 |     565 |  32.2 |      27 |       9 |  25.0
        D:8 |     665 |    1165 |  63.7 |      15 |       4 |  21.1
        D:9 |     241 |     927 |  79.4 |       3 |       1 |  25.0
            +---------+---------+-------+---------+---------+-------
